 Dungeon Crawl Stone Soup version 0.31-a0-1144-g99969ba1bc (webtiles) character file.

Game seed: 17740220632832207013

3577 Crownlay the Alchemist (level 10, -6/68 HPs)
             Began as a Merfolk Venom Mage on Dec 6, 2023.
             Mangled by a vampire mosquito (8 damage)
             ... on level 8 of the Dungeon.
             The game lasted 00:23:24 (9166 turns).

Crownlay the Alchemist (Merfolk Venom Mage)         Turns: 9166, Time: 00:23:25

Health: -6/68      AC: 10    Str: 20    XL:     10   Next: 10%
Magic:  18/18      EV: 12    Int: 19    God:
Gold:   548        SH:  0    Dex: 15    Spells: 10/20 levels left

rFire   . . .        u - +0 mace
rCold   . . .        (no shield)
rNeg    . . .        I - +0 steam dragon scales
rPois   .            s - +2 helmet
rElec   .            g - +0 cloak
rCorr   .            (no gloves)
SInv    .            z - +0 pair of boots
Will    .....        K - amulet of magic regeneration
Stlth   ++           h - +6 ring of strength
HPRegen 0.31/turn    x - +6 ring of strength
MPRegen 0.56/turn

%: no passive effects
@: no status effects
A: (nimble swimmer 2), mertail
a: no special abilities


You were on level 8 of the Dungeon.
You visited 1 branch of the dungeon, and saw 8 of its levels.

You collected 548 gold pieces.

Inventory:

Hand Weapons
 u - a +0 mace (weapon)
Missiles
 p - 6 javelins
 E - a throwing net
Armour
 g - a +0 cloak (worn)
 s - a +2 helmet (worn)
 z - a +0 pair of boots (worn)
 I - +0 steam dragon scales (worn)
Magical Staves
 J - a staff of poison
Jewellery
 h - a +6 ring of strength (left hand)
 x - a +6 ring of strength (right hand)
 B - an amulet of the acrobat
 K - an amulet of magic regeneration (around neck)
Wands
 a - a wand of flame (39)
 y - a wand of mindburst (23)
 G - a wand of paralysis (11)
 H - a wand of iceblast (25)
Scrolls
 e - 2 scrolls of blinking
 l - 2 scrolls of fear
 m - 4 scrolls of vulnerability
 n - a scroll of silence
 o - 4 scrolls of teleportation
 r - a scroll of poison
 t - 2 scrolls of noise
 v - 3 scrolls of amnesia
 D - a scroll of revelation
 L - 2 scrolls of identify
 M - a scroll of brand weapon
Potions
 b - a potion of magic
 c - a potion of brilliance {unknown}
 d - a potion of curing
 f - a potion of mutation {unknown}
 i - a potion of heal wounds
 j - a potion of berserk rage {unknown}
 k - 2 potions of ambrosia
 q - 4 potions of resistance
 w - a potion of lignification {unknown}
 C - a potion of cancellation {unknown}
 F - a potion of invisibility {unknown}


   Skills:
 + Level 2.7 Fighting
 - Level 2.6 Dodging
 - Level 2.1 Stealth
 + Level 5.5 Spellcasting
 + Level 8.7 Transmutations
 * Level 5.0 Fire Magic
 + Level 8.5 Poison Magic
 - Level 4.9 Shapeshifting


You had 10 spell levels left.
You knew the following spells:

 Your Spells              Type           Power      Damage    Failure   Level
a - Sting                 Tmut/Pois      100%       1d8       1%          1
b - Poisonous Vapours     Pois/Air       42%        N/A       3%          2
c - Ignite Poison         Fire/Tmut/Pois 33%        N/A       1%          3
d - Olgreb's Toxic Radia  Pois           37%        N/A       3%          4

Your spell library contained the following spells:

 Spells                   Type           Power      Damage    Failure   Level
 Cigotuvi's Dreadful Rot  Necr/Pois/Air  32%        N/A       5%          2
 Mephitic Cloud           Conj/Pois/Air  16%        N/A       11%         3
 Magic Dart               Conj           20%        1d4       12%         1
 Slow                     Hex            20%        N/A       12%         1
 Blink                    Tloc           10%        N/A       19%         2
 Lesser Beckoning         Tloc           10%        N/A       19%         2
 Momentum Strike          Conj/Tloc      10%        3d8       19%         2
 Searing Ray              Conj           10%        2d4       19%         2
 Confusing Touch          Hex            5%         N/A       34%         3
 Sigil of Binding         Hex            5%         N/A       34%         3
 Vampiric Draining        Necr           5%         2d6       34%         3
 Fulminant Prism          Conj/Hex       2%         3d5       75%         4
 Freezing Cloud           Conj/Ice/Air   2%         6-21      97%         5


Dungeon Overview and Level Annotations

Branches:
Dungeon (8/15)               Lair (0/5) D:8
 Temple: D:4-7

Altars:
Cheibriados
Elyvilon
Kikubaaqudgha
Okawaru
Ru
Wu Jian
The Shining One

Shops:
D:3 (   D:8 *

Annotations:
D:5 2 transporters
D:7 1 runed translucent door, Crazy Yiuf, Maurice


Innate Abilities, Weirdness & Mutations

((You are very nimble when in or above water. (Stealth+, EV+, Speed+++)))
Your lower body shifts to a powerful aquatic tail in water.


Message History

The vampire mosquito bites you but does no damage.
You miss the vampire mosquito.
The vampire mosquito is lightly damaged.
The vampire mosquito bites you but does no damage.
The vampire mosquito closely misses you. x2
You closely miss the vampire mosquito.
The vampire mosquito closely misses you.
The vampire mosquito bites you.
The vampire mosquito draws strength from your injuries!
The vampire mosquito bites you.
The vampire mosquito draws strength from your injuries!
You barely miss the vampire mosquito. The vampire mosquito bites you.
The vampire mosquito draws strength from your injuries!
The vampire mosquito bites you but does no damage.
You sock the vampire mosquito!
The vampire mosquito is moderately damaged.
The vampire mosquito closely misses you.
The vampire mosquito bites you!
* * * LOW HITPOINT WARNING * * *
The vampire mosquito draws strength from your injuries!
The vampire mosquito closely misses you.
You miss the vampire mosquito. Your punch misses the vampire mosquito.
The vampire mosquito is lightly damaged.
The vampire mosquito bites you!
* * * LOW HITPOINT WARNING * * *
The vampire mosquito draws strength from your injuries!
The vampire mosquito bites you.
* * * LOW HITPOINT WARNING * * *
The vampire mosquito draws strength from your injuries!
The vampire mosquito bites you.
* * * LOW HITPOINT WARNING * * *
The vampire mosquito draws strength from your injuries!
You closely miss the vampire mosquito. The vampire mosquito bites you.
* * * LOW HITPOINT WARNING * * *
The vampire mosquito draws strength from your injuries!
The vampire mosquito completely misses you.
You closely miss the vampire mosquito. The vampire mosquito misses you.
The vampire mosquito closely misses you.
The vampire mosquito bites you!
You die...

#..## #.##.#..#.#
..#.###.##.#..#.############
#..............>...........#
..#.........#...##########.#
#..#....###.#............#.#
..##....#
#.##..##.#...###.####
..##....#
#.#.........<.......#
........#
#.###.##########.#.##
..#######
#.....@yy........#.# ###
#####.############.#
#.##.......# #.#
#.##y#####y# #.# #.##y# #y#
#.# #.##.# #.###.# #.##<#
#.....# #.#### #######
###### #.#


You could see 2 vampire mosquitoes.

Vanquished Creatures
  Maggie (D:6)
  An unseen horror (D:8)
  2 yaks
  A wyvern (D:8)
  3 steam dragons
  Menkaure (D:6)
  A water moccasin (D:6)
  4 black bears
  2 orc warriors (D:7)
  An ice beast (D:7)
  A sky beast (D:7)
  A centaur (D:7)
  4 ogres
  Blork the orc (D:6)
  3 bullfrogs
  A hound (D:6)
  2 jellies
  2 gnoll boudas
  An iron imp (D:7)
  6 iguanas
  4 orc wizards
  Ijyb (D:5)
  Robin (D:3)
  3 gnolls (D:6)
  3 adders
  A shadow imp (D:8)
  2 ufetubi (D:5)
  A worm (D:5)
  A dart slug (D:1)
  14 orcs
  2 bats (D:1)
  10 endoplasms
  5 giant cockroaches
  9 goblins
  9 hobgoblins
  A quokka (D:4)
  5 ball pythons
  4 frilled lizards
  5 kobolds
  2 rats
122 creatures vanquished.

Notes
Turn   | Place    | Note
-------+----------+-------------------------------------------
     0 | D:1      | Crownlay the Merfolk Venom Mage began the quest for the
                  | Orb.
     0 | D:1      | Reached XP level 1. HP: 13/13 MP: 3/3
   235 | D:1      | Reached XP level 2. HP: 14/19 MP: 1/5
   367 | D:1      | Learned a level 2 spell: Poisonous Vapours
   873 | D:2      | Reached XP level 3. HP: 22/24 MP: 0/6
  1207 | D:2      | You fall into a shaft and drop 1 floor!
  1212 | D:3      | Found Buduchy's Weapon Shoppe.
  1683 | D:3      | Reached XP level 4. HP: 30/30 MP: 1/8
  1804 | D:3      | Noticed Robin
  1814 | D:3      | Killed Robin
  1855 | D:3      | Reached skill level 1 in Shapeshifting
  1938 | D:3      | Found a large runed translucent door.
  1938 | D:3      | Found a large runed translucent door.
  2278 | D:3      | Found a glowing golden altar of the Shining One.
  2421 | D:3      | Found a sacrificial altar of Ru.
  2421 | D:3      | Noticed an ice beast
  2424 | D:3      | Found an ornate altar of the Wu Jian Council.
  2523 | D:4      | Reached skill level 5 in Poison Magic
  2661 | D:4      | Noticed a black bear
  2675 | D:4      | Killed a black bear
  2676 | D:4      | Reached XP level 5. HP: 9/35 MP: 0/9
  2819 | D:4      | Reached XP level 6. HP: 35/41 MP: 0/11
  2836 | D:4      | HP: 1/41 [orc/+0 hand axe (4)]
  3745 | D:4      | Found an iron altar of Okawaru.
  3839 | D:5      | Entered Level 5 of the Dungeon
  3977 | D:5      | Reached XP level 7. HP: 13/46 MP: 6/13
  4122 | D:5      | Found a transporter.
  4131 | D:5      | Found a transporter.
  4213 | D:5      | Noticed Ijyb
  4222 | D:5      | Killed Ijyb
  4557 | D:5      | Learned a level 3 spell: Ignite Poison
  4562 | D:5      | Learned a level 4 spell: Olgreb's Toxic Radiance
  4797 | D:5      | Noticed a yak
  4802 | D:5      | Killed a yak
  5074 | D:6      | Found an ancient bone altar of Kikubaaqudgha.
  5085 | D:6      | Reached XP level 8. HP: 50/52 MP: 1/14
  5297 | D:6      | Reached skill level 1 in Fire Magic
  5733 | D:6      | Noticed Maggie
  5741 | D:6      | Killed Maggie
  5932 | D:6      | Found a white marble altar of Elyvilon.
  5953 | D:6      | Reached skill level 5 in Spellcasting
  5953 | D:6      | Reached skill level 5 in Transmutations
  6098 | D:6      | Noticed a rust devil
  6098 | D:6      | Noticed a rust devil
  6111 | D:6      | Noticed Blork the orc
  6116 | D:6      | Noticed Menkaure
  6117 | D:6      | Killed Blork the orc
  6118 | D:6      | Reached XP level 9. HP: 50/57 MP: 3/16
  6246 | D:6      | Killed Menkaure
  7301 | D:7      | Found a runed translucent door.
  7302 | D:7      | Noticed Crazy Yiuf
  7542 | D:7      | Reached skill level 1 in Fighting
  7748 | D:7      | Found a snail-covered altar of Cheibriados.
  7985 | D:8      | Found a staircase to the Lair.
  7994 | D:8      | Killed an unseen horror
  7995 | D:8      | Reached XP level 10. HP: 55/68 MP: 1/18
  8166 | D:8      | Found Ufaepny's Lightly-Used Armoury.
  8518 | D:7      | Noticed Maurice
  8523 | D:7      | Reached skill level 5 in Fire Magic
  8529 | D:7      | Something stole a ring of ice
  8531 | D:7      | Something stole a beast talisman
  8536 | D:7      | Something stole a +1 short sword of venom
  8857 | D:8      | HP: 3/68 [vampire mosquito (6)]
  9164 | D:8      | HP: 3/68 [vampire mosquito (6)]
  9165 | D:8      | HP: 1/68 [vampire mosquito (2)]
  9166 | D:8      | Mangled by a vampire mosquito

Illustrated notes

Levels and vault maps discovered:
D:1:      kennysheep_arrival_seaside, layout_basic
D:2:      layout_rooms, minmay_pentomino_x2
D:3:      layout_rooms, lemuel_coloured_pillars_altar, jmf_multi_god_temple2,
          serial_shops, shop_coins, uniq_robin
D:4:      layout_loops_ring, kennysheep_mini_moat
D:5:      gammafunk_wand_slinger, layout_loops_ring,
          minmay_misc_feat_more_columns, minmay_small_thing, uniq_ijyb
D:6:      cheibrodos_iron_armory, layout_basic, lemuel_crystal_altar,
          mainiacjoe_overflow_tiny_flanked, uniq_blork_the_orc, uniq_menkaure,
          uniq_maggie
D:7:      kennysheep_spiral_hall, layout_gridville, slow_altar_2,
          minmay_temple_entry_gardened_gates, uniq_pikel, uniq_maurice,
          uniq_crazy_yiuf_cottage
D:8:      layout_basic, david_lair_generic, hex_tiny, grunt_decor_one_mirror,
          minmay_shop_damaged

Skill      XL: |  1  2  3  4  5  6  7  8  9 10 |
---------------+-------------------------------+-----
Poison Magic   | 4 5 6 7 8 |  8.5
Shapeshifting  | 2 3 4 |  4.9
Spellcasting   | 3 4 5 |  5.5
Transmutations | 3 6 8 |  8.7
Fire Magic     | 2 4 5 |  5.0
Fighting       | 2 |  2.7
Dodging        | |  2.6
Stealth        | |  2.1

Action                     |  1- 3 |  4- 6 |  7- 9 | 10-12 || total
---------------------------+-------+-------+-------+-------++-------
  Melee: Short sword       |    52 |    58 |    49 |       ||   159
         Punch             |     1 |     1 |     2 |       ||     4
         Staff             |       |       |     1 |    20 ||    21
         Mace              |       |       |       |    16 ||    16
   Cast: Sting             |    43 |    77 |    65 |    21 ||   206
         Poisonous Vapours |     7 |    15 |    37 |     1 ||    60
         Ignite Poison     |       |       |    23 |     2 ||    25
         Olgreb's Toxic Ra |       |       |    15 |     3 ||    18
    Use: Potion            |       |     1 |       |     1 ||     2
         Scroll            |       |       |    12 |     3 ||    15
 Armour: Robe              |    35 |    66 |    43 |       ||   144
         Steam dragon scal |       |       |    34 |    85 ||   119
  Dodge: Dodged            |    40 |    47 |    48 |    76 ||   211

Table legend: (Time is in decaauts)
 A = Elapsed time spent in this place.
 B = Non-inter-level travel time spent in this place.
 C = Inter-level travel time spent in this place.
 D = Time resting spent in this place.
 E = Time spent auto-exploring this place.
 F = Levels seen in this place.
 G = Mean time per level.
                   A        B        C        D        E       F      G
               +--------+--------+--------+--------+--------+-----+--------+
         Total |   9165 |   8818 |    347 |    485 |   7076 |   8 | 1145.6 |
       Dungeon |   9165 |   8818 |    347 |    485 |   7076 |   8 | 1145.6 |
               +--------+--------+--------+--------+--------+-----+--------+

Top non-repeatable levels by time:
     D:6: 1965 daAuts
     D:7: 1348 daAuts
     D:4: 1325 daAuts
     D:5: 1077 daAuts
     D:3: 950 daAuts
     D:8: 944 daAuts
     D:1: 853 daAuts
     D:2: 699 daAuts
